 Dungeon Crawl Stone Soup version 0.29-a0-469-gd254ca66d9 (webtiles) character file.

Game seed: 3283382024244979384

10016 Glafi the Fighter (level 11, -4/95 HPs)
             Began as a Formicid Fighter on May 22, 2022.
             Was a Priest of Okawaru.
             Slain by a komodo dragon (18 damage)
             ... on level 11 of the Dungeon.
             The game lasted 01:26:55 (17705 turns).

Glafi the Fighter (Formicid Fighter)               Turns: 17705, Time: 01:26:55

Health: -4/95      AC: 32    Str: 19    XL:     11   Next: 85%
Magic:  21/23      EV: 11    Int: 11    God:    Okawaru [***...]
Gold:   592        SH:  8    Dex: 21    Spells: 10/10 levels left

rFire   . . .      SeeInvis +   u - +5 short sword of Vaddeyf {vamp, rElec MP+9 Str-5 Int+2 Dex+6}
rCold   . . .      Faith    .   c - +0 buckler
rNeg    . . .      Spirit   .   N - +8 plate armour of Broken Taboos {Dex+5}
rPois   .          Reflect  .   (helmet unavailable)
rElec   +          Harm     .   O - +1 cloak
rCorr   +          Rampage  .   x - +0 pair of gloves
Will    +....                   C - +2 pair of boots
Stlth   ..........              F - amulet of the acrobat
HPRegen 0.25/turn               y - ring of resist corrosion
MPRegen 0.18/turn               (no ring)

@: heroic
A: permanent stasis, dig shafts and tunnels, antennae 3, four strong arms
a: Dig, Shaft Self, Renounce Religion, Heroism


You were on level 11 of the Dungeon.
You worshipped Okawaru.
Okawaru was most pleased with you.
You visited 3 branches of the dungeon, and saw 13 of its levels.

You collected 657 gold pieces.
You spent 65 gold pieces at shops.

Inventory:

Hand Weapons
 l - a +0 vorpal hunting sling
 u - the +5 short sword of Vaddeyf (weapon) {vamp, rElec MP+9 Str-5 Int+2 Dex+6}
   (You took it off an orc on level 5 of the Dungeon)

   It occasionally heals its wielder for a portion of the damage dealt when it
   wounds a living foe.
   Str:       It affects your strength (-5).
   Int:       It affects your intelligence (+2).
   Dex:       It affects your dexterity (+6).
   rElec:     It insulates you from electricity.
   MP:        It affects your magic capacity (+9).
 B - a +3 quarterstaff of chaos
Missiles
 z - 347 stones
 H - 4 throwing nets
Armour
 c - a +0 buckler (worn)
 x - a +0 pair of gloves (worn)
 C - a +2 pair of boots (worn)
 M - the +0 leather armour of Midsummer {rPois Str+3 Dex+6 SInv}
   (You took it off an orc on level 5 of the Dungeon)

   Str:       It affects your strength (+3).
   Dex:       It affects your dexterity (+6).
   rPois:     It protects you from poison.
   SInv:      It lets you see invisible.
 N - the +8 plate armour of Broken Taboos (worn) {Dex+5}
   (You took it off an orc warrior on level 5 of the Dungeon)

   Dex:       It affects your dexterity (+5).
 O - a +1 cloak (worn)
Jewellery
 y - a ring of resist corrosion (left hand)
 A - an amulet of magic regeneration
 E - a +6 ring of intelligence
 F - an amulet of the acrobat (around neck)
 P - a +6 ring of strength
Wands
 e - a wand of polymorph (14)
 r - a wand of paralysis (4)
 I - a wand of iceblast (1)
 J - a wand of digging (7)
 L - a wand of flame (14)
Scrolls
 d - a scroll of fog
 f - 2 scrolls of fear {unknown}
 g - 4 scrolls of enchant armour
 j - 3 scrolls of vulnerability
 m - 4 scrolls of noise {unknown}
 p - 2 scrolls of amnesia
 s - a scroll of enchant weapon
 t - 5 scrolls of identify
 K - a scroll of acquirement {unknown}
Potions
 a - a potion of lignification {unknown}
 b - a potion of might
 h - 2 potions of mutation {unknown}
 i - a potion of brilliance {unknown}
 k - 6 potions of attraction
 n - a potion of ambrosia
 q - a potion of berserk rage {unknown}
 v - a potion of magic {unknown}
 w - a potion of cancellation {unknown}
 D - 2 potions of flight {unknown}
 G - a potion of invisibility
Miscellaneous
 Q - a condenser vane (inert)


   Skills:
 * Level 11.9(16.9) Fighting
 - Level 2.0(7.0) Axes
 - Level 5.9(10.9) Staves
 + Level 9.7(14.7) Armour
 + Level 4.4(9.4) Dodging
 + Level 8.3(13.3) Shields
 - Level 0.1(5.1) Unarmed Combat
 * Level 5.1 Invocations
 * Level 5.7 Evocations


You had 10 spell levels left.
You didn't know any spells.
Your spell library contained the following spells:

 Spells                   Type           Power      Damage    Failure   Level
 Ensorcelled Hibernation  Hex/Ice        0%         N/A       100%        2
 Passwall                 Tmut/Erth      0%         N/A       100%        2
 Sublimation of Blood     Necr           0%         N/A       100%        2
 Ozocubu's Armour         Ice            0%         N/A       100%        3
 Petrify                  Tmut/Erth      0%         N/A       100%        4
 Irradiate                Conj/Tmut      0%         3d13      100%        5
 Ozocubu's Refrigeration  Ice            0%         4d5       100%        7
 Swiftness                Air            Unusable   N/A       N/A         3

Dungeon Overview and Level Annotations

Branches:
Dungeon (11/15)            Temple (1/1) D:7             Orc (1/2) D:9
   Lair: D:8-11

Altars:
Ashenzari
Cheibriados
Dithmenos
Elyvilon
Fedhas
Gozag
Hepliaklqana
Kikubaaqudgha
Makhleb
Nemelex Xobeh
Okawaru
Qazlal
Ru
Sif Muna
Trog
Uskayaw
Vehumet
Wu Jian
Xom
Yredelemnul
Zin
The Shining One
Beogh
Lugonu

Shops:
D:2 =*!*[   D:6 ([[   D:9 [   D:10 [

Annotations:
D:9 3 runed translucent doors


Innate Abilities, Weirdness & Mutations

You cannot be hasted, slowed, berserked, paralysed or teleported.
You can dig through walls and to a lower floor.
You have a pair of large antennae on your head. (SInv)
Your four strong arms can wield two-handed weapons with a shield.


Message History

The komodo dragon closely misses you.
You hit the komodo dragon.
You feel better.
The komodo dragon is moderately wounded.
The komodo dragon barely misses you.
You hit the komodo dragon but do no damage.
The komodo dragon is moderately wounded.
The komodo dragon bites you. The komodo dragon bites you!
You hit the komodo dragon but do no damage.
The komodo dragon is moderately wounded.
The komodo dragon bites you.
You hit the komodo dragon.
You feel better.
The komodo dragon is moderately wounded.
The komodo dragon barely misses you.
You hit the komodo dragon but do no damage.
The komodo dragon is moderately wounded.
You block the komodo dragon's attack.
You closely miss the komodo dragon.
The komodo dragon is moderately wounded.
The komodo dragon bites you!
You hit the komodo dragon but do no damage.
The komodo dragon is moderately wounded.
The komodo dragon bites you but does no damage.
You hit the komodo dragon.
You feel better.
The komodo dragon is heavily wounded.
The komodo dragon bites you!
You hit the komodo dragon.
The komodo dragon is heavily wounded.
The komodo dragon bites you!
You hit the komodo dragon but do no damage.
The komodo dragon is heavily wounded.
The komodo dragon bites you!
* * * LOW HITPOINT WARNING * * *
The komodo dragon bites you but does no damage.
You barely miss the komodo dragon.
The komodo dragon is heavily wounded.
The komodo dragon bites you!
* * * LOW HITPOINT WARNING * * *
You gain the combat prowess of a mighty hero.
The komodo dragon bites you!!
You die...

### ### #.###.#
###########...####
...........###..@###
######.##.#.#####l.#
######## ##....# {
#...... ######
###### #..... ####'#
######### #..


You could see a komodo dragon.

Vanquished Creatures
  Erica (D:8)
  An orc high priest (D:9)
  Pikel (D:6)
  Maurice (D:8)
  A gargoyle (D:11)
  2 kobold demonologists (D:11)
  Psyche (D:8)
  The ghost of Artemis2 the Chiller, a novice MfIE of Ru (D:5)
  3 trolls
  A hornet (D:10)
  10 yaks
  A wraith (D:11)
  A steam dragon (D:6)
  An acid dragon (D:10)
  A sky beast (D:8)
  6 orc warriors
  2 black bears
  2 ogres (D:9)
  A centaur (D:8)
  A phantom (D:5)
  3 kobold brigands
  4 bullfrogs
  2 necrophages
  A gnoll sergeant (D:6)
  3 scorpions
  12 wights
  4 howler monkeys (D:8)
  4 jellies
  3 hounds
  7 orc priests
  2 gnoll shamans
  Crazy Yiuf (D:3)
  Jessica (D:2)
  3 iguanas
  Natasha (D:3)
  9 orc wizards
  11 gnolls
  9 adders
  A shadow imp (D:7)
  2 white imps
  3 worms
  3 dart slugs
  26 orcs
  8 ball pythons
  9 endoplasms
  6 giant cockroaches
  10 goblins
  11 hobgoblins
  7 jackals
  9 quokkas
  8 bats
  12 frilled lizards
  20 kobolds
  4 rats
  A spectral orc (D:5)
259 creatures vanquished.

Vanquished Creatures (others)
  A howler monkey zombie (D:8)
1 creature vanquished.

Grand Total: 260 creatures vanquished

Notes
Turn   | Place    | Note
-------+----------+-------------------------------------------
     0 | D:1      | Glafi the Formicid Fighter began the quest for the Orb.
     0 | D:1      | Reached XP level 1. HP: 18/18 MP: 1/1
   213 | D:1      | Reached XP level 2. HP: 19/25 MP: 2/2
   447 | D:1      | Reached XP level 3. HP: 30/30 MP: 3/3
   592 | D:1      | Reached skill level 4 in Fighting
   962 | D:1      | Found a faded altar of an unknown god.
  1152 | D:2      | Noticed Jessica
  1231 | D:2      | Found Ipyramupt's General Store.
  1253 | D:2      | Reached XP level 4. HP: 35/37 MP: 4/4
  1289 | D:2      | Killed Jessica
  1315 | D:2      | Reached XP level 5. HP: 43/43 MP: 5/5
  1662 | D:2      | Found Oref's General Store.
  1696 | D:2      | Found Rug Xad's Antique Armour Boutique.
  1756 | D:2      | Found Dumpoymo's Distillery.
  1765 | D:2      | Bought a potion of heal wounds for 65 gold pieces
  2186 | D:2      | Found Ykly's Jewellery Shop.
  2253 | D:3      | Found a snail-covered altar of Cheibriados.
  2253 | D:3      | Found a blossoming altar of Fedhas.
  2253 | D:3      | Found a sacrificial altar of Ru.
  2257 | D:3      | Found a shimmering altar of Xom.
  2257 | D:3      | Found a shimmering blue altar of Sif Muna.
  2272 | D:2      | Reached skill level 5 in Fighting
  2485 | D:3      | Reached skill level 1 in Dodging
  2485 | D:3      | Reached XP level 6. HP: 30/51 MP: 6/6
  3320 | D:3      | Found a bloodstained altar of Trog.
  3349 | D:3      | Noticed Natasha
  3357 | D:3      | Killed Natasha
  3358 | D:3      | Reached skill level 5 in Shields
  3673 | D:3      | Found a runed translucent door.
  3674 | D:3      | Noticed Crazy Yiuf
  3684 | D:3      | Killed Crazy Yiuf
  4426 | D:4      | Reached skill level 5 in Armour
  4474 | D:4      | Reached skill level 6 in Fighting
  4474 | D:4      | Reached XP level 7. HP: 53/58 MP: 7/7
  4559 | D:4      | Reached skill level 1 in Staves
  5485 | D:5      | Entered Level 5 of the Dungeon
  5656 | D:5      | Found an iron altar of Okawaru.
  5707 | D:5      | Identified the +8 plate armour of Broken Taboos {Dex+5}
  5709 | D:5      | Found a runed translucent gate.
  5710 | D:5      | Found a runed translucent gate.
  5710 | D:5      | Noticed Artemis2's ghost (novice MfIE)
  5711 | D:5      | Identified the +5 short sword of Vaddeyf {vamp, rElec MP+9
                  | Str-5 Int+2 Dex+6}
  5711 | D:5      | Identified the +0 leather armour of Midsummer {rPois Str+3
                  | Dex+6 SInv}
  5712 | D:5      | Found a runed translucent gate.
  6094 | D:5      | Reached XP level 8. HP: 65/65 MP: 8/8
  6281 | D:5      | Found a broken altar of Ashenzari.
  6281 | D:5      | Found an opulent altar of Gozag.
  6361 | D:5      | Found a basalt altar of Yredelemnul.
  7215 | D:6      | Reached skill level 7 in Fighting
  7385 | D:6      | Found Ynlud's Armour Shoppe.
  7592 | D:6      | Found Useihig's Antique Weapon Boutique.
  7634 | D:6      | Noticed Pikel
  7658 | D:6      | Killed Pikel
  7659 | D:6      | Reached skill level 5 in Staves
  7659 | D:6      | Reached XP level 9. HP: 33/74 MP: 9/9
  7849 | D:6      | Found a shadowy altar of Dithmenos.
  7920 | D:6      | Found Rohetoun's Armour Shoppe.
  8022 | D:6      | Reached skill level 8 in Fighting
  8752 | D:7      | Reached skill level 1 in Evocations
  9475 | D:7      | Found a staircase to the Ecumenical Temple.
  9484 | Temple   | Entered the Ecumenical Temple
  9858 | D:7      | Reached skill level 9 in Fighting
  9858 | D:7      | Reached XP level 10. HP: 69/83 MP: 10/10
 10539 | D:8      | Found a white marble altar of Elyvilon.
 11120 | D:5      | Became a worshipper of Warmaster Okawaru
 11200 | D:8      | Noticed Maurice
 11264 | D:8      | Killed Maurice
 11265 | D:8      | Reached skill level 1 in Invocations
 11525 | D:8      | Noticed Erica
 11527 | D:8      | Noticed Psyche
 11540 | D:8      | Killed Erica
 11540 | D:8      | Reached * piety under Okawaru
 11541 | D:8      | Reached skill level 10 in Fighting
 11548 | D:8      | Killed Psyche
 12021 | D:8      | Found a burning altar of Makhleb.
 12614 | D:9      | Found a staircase to the Orcish Mines.
 12643 | D:9      | Identified the +8 chain mail of Bukkiah {rPois Dex+4}
 13076 | D:9      | Found a stormy altar of Qazlal.
 13148 | D:9      | Found a glowing golden altar of the Shining One.
 13170 | D:9      | You fall into a shaft and drop 2 floors!
 13521 | D:11     | Noticed a gargoyle
 13530 | D:11     | Killed a gargoyle
 13668 | D:11     | Noticed a kobold demonologist
 13674 | D:11     | Noticed a sixfirhy
 13679 | D:11     | Killed a kobold demonologist
 13679 | D:11     | Reached ** piety under Okawaru
 13680 | D:11     | Reached XP level 11. HP: 56/92 MP: 10/13
 14039 | D:10     | Entered Level 10 of the Dungeon
 14202 | D:10     | Reached skill level 11 in Fighting
 14221 | D:10     | Reached skill level 5 in Evocations
 14794 | D:10     | Found Guicupn's Armour Shoppe.
 14804 | D:10     | Reached *** piety under Okawaru
 15256 | D:9      | Found a runed translucent gate.
 15256 | D:9      | Found a runed translucent gate.
 15256 | D:9      | Found a runed translucent gate.
 15256 | D:9      | Noticed a cyan ugly thing
 15256 | D:9      | Noticed a purple ugly thing
 15256 | D:9      | Noticed a red ugly thing
 15583 | D:9      | Found Ecuelaop's Armour Shoppe.
 15663 | D:9      | Found a hazy altar of Hepliaklqana.
 15703 | D:9      | Noticed a brown ugly thing
 15898 | D:5      | Killed Artemis2's ghost
 16403 | Orc:1    | Entered Level 1 of the Orcish Mines
 16403 | Orc:1    | Noticed an orc high priest
 16950 | Orc:1    | Noticed a sixfirhy
 16958 | D:9      | Noticed a soul eater
 16968 | D:9      | Killed an orc high priest
 17362 | D:10     | Reached skill level 5 in Invocations
 17705 | D:11     | Slain by a komodo dragon

Illustrated notes

Levels and vault maps discovered:
D:1:      amcnicky_arrival_wind_blow, layout_basic,
          hellmonk_ecumenical_altar_inner_sanctum, minmay_parallelograms
D:2:      layout_loops_ring, serial_shops, nicolae_lakefront_shop,
          nicolae_shop_hallway_plus, shop_fountains, shop,
          nicolae_shop_hallway_stairs, corexii_shack, uniq_jessica
D:3:      minmay_door_path, layout_basic, nicolae_overflow_crystal_walls,
          grunt_temple_overflow_open, uniq_crazy_yiuf_cottage, uniq_natasha
D:4:      layout_loops_corners, kennysheep_generic_room_6
D:5:      layout_layer_cave, yredelemnul_forgotten_temple_becter,
          okawaru_altar_gauntlet_db, gammafunk_temple_overflow_statue,
          biasface_ghost_orc_armoury
D:6:      layout_basic, grunt_dithmenos_smoke, serial_shops, kennysheep_mini,
          nicolae_take_the_stairs, shop, grunt_ministairs_9, uniq_pikel
D:7:      layout_basic, minmay_temple_entry_arrows
D:8:      layout_basic, elyvilon_altar_5, mainiacjoe_overflow_alcove_2,
          uniq_erica, uniq_maurice, uniq_psyche
D:9:      cheibrodos_iron_armory, layout_cave_pools, lemuel_round_altar,
          grunt_qazlal_clouds, mainiacjoe_overflow_surrounded_room, orc_0_dummy,
          ploomutoo_gammafunk_ghost_potion_laboratory, serial_shops,
          nicolae_diamond_shop
D:10:     layout_long_grid, serial_shops, shop
D:11:     layout_roguey, erik_lair_dragon, minmay_misc_feat_x
Temple:   corrupted_temple
Orc:1:    layout_caves

Skill      XL: |  1  2  3  4  5  6  7  8  9 10 11 |
---------------+----------------------------------+-----
Fighting       | 4 5 6 7 9 10 11 | 11.9
Armour         | 4 5 6 7 8 9 |  9.7
Dodging        | 1 2 3 4 |  4.4
Shields        | 5 6 7 8 |  8.3
Staves         | 3 5 |  5.9
Evocations     | 2 4 5 |  5.7
Invocations    | 3 5 |  5.1
Axes           | |  2.0
Unarmed Combat | |  0.1

Action                   |  1- 3 |  4- 6 |  7- 9 | 10-12 || total
-------------------------+-------+-------+-------+-------++-------
Melee: War axe           |    98 |    48 |       |       ||   146
       Battleaxe         |       |   118 |       |       ||   118
       Quarterstaff      |       |    30 |   238 |   273 ||   541
       Unarmed           |       |       |       |     6 ||     6
       Short sword       |       |       |       |   194 ||   194
Invok: Heroism           |       |       |       |    10 ||    10
 Abil: Dig               |       |     1 |     1 |     4 ||     6
       Shaft Self        |       |       |       |     1 ||     1
Evoke: Wand              |       |       |       |     4 ||     4
       Condenser vane    |       |       |       |     1 ||     1
  Use: Potion            |       |       |     1 |    11 ||    12
       Scroll            |       |       |    17 |     1 ||    18
 Stab: Confused          |       |       |       |     1 ||     1
       Paralysed         |       |       |       |     6 ||     6
       Invisible         |       |       |       |     1 ||     1
Armor: Scale mail        |    42 |   101 |   100 |   168 ||   411
       Skin              |       |       |       |     1 ||     1
       Plate armour      |       |       |       |   126 ||   126
Dodge: Dodged            |    43 |   108 |   118 |   331 ||   600
Block: Buckler           |    26 |    41 |    57 |   200 ||   324

Table legend: (Time is in decaauts)
 A = Elapsed time spent in this place.
 B = Non-inter-level travel time spent in this place.
 C = Inter-level travel time spent in this place.
 D = Time resting spent in this place.
 E = Time spent auto-exploring this place.
 F = Levels seen in this place.
 G = Mean time per level.
                   A        B        C        D        E       F      G
               +--------+--------+--------+--------+--------+-----+--------+
         Total |  17901 |  16577 |   1324 |   6404 |   7194 |  13 | 1377.0 |
       Dungeon |  17527 |  16204 |   1323 |   6156 |   7173 |  11 | 1593.4 |
        Temple |    359 |    359 |      0 |    248 |     21 |   1 |  359.0 |
  Orcish Mines |     14 |     14 |      0 |      0 |      0 |   1 |   14.0 |
               +--------+--------+--------+--------+--------+-----+--------+

Top non-repeatable levels by time:
     D:5: 2244 daAuts
     D:8: 2003 daAuts
     D:9: 1997 daAuts
     D:3: 1860 daAuts
     D:6: 1821 daAuts
    D:10: 1550 daAuts
     D:4: 1491 daAuts
     D:7: 1217 daAuts
     D:1: 1214 daAuts
     D:2: 1122 daAuts
    D:11: 1002 daAuts
  Temple: 359 daAuts
   Orc:1: 14 daAuts
